 Dungeon Crawl Stone Soup version 0.31.0-9-g3a7656b989 (webtiles) character file.

Game seed: 7448622191624278382

9 Colgate the Poker (level 2, 23/24 HPs)
             Began as a Demonspawn Cinder Acolyte on Feb 2, 2024.
             Was a High Priest of Ignis.
             Quit the game on level 1 of the Dungeon.
             The game lasted 00:00:08 (242 turns).

Colgate the Poker (Demonspawn Cinder Acolyte)        Turns: 242, Time: 00:00:09

Health: 23/24      AC:  4    Str: 14    XL:     2   Next: 3%
Magic:  3/3        EV: 11    Int: 14    God:    Ignis [*****.]
Gold:   73         SH:  0    Dex:  8    Spells: 3/3 levels left

rFire   + . .        a - -1 spear (flame)
rCold   . . .        (no shield)
rNeg    . . .        b - +0 robe
rPois   .            (no helmet)
rElec   .            (no cloak)
rCorr   .            (no gloves)
SInv    .            (no boots)
Will    .....        (no amulet)
Stlth   +            (no ring)
HPRegen 0.24/turn    (no ring)
MPRegen 0.08/turn

%: no passive effects
@: no status effects
A: molten scales 1
a: Renounce Religion, Fiery Armour, Foxfire Swarm, Rising Flame


You were on level 1 of the Dungeon.
You worshipped Ignis.
Ignis was extremely pleased with you.
You visited 1 branch of the dungeon, and saw 1 of its levels.

You collected 73 gold pieces.

Inventory:

Hand Weapons
 a - a -1 spear of flaming (weapon)
Armour
 b - a +0 robe (worn)
 d - a +2 pair of boots
Potions
 c - a potion of attraction {unknown}
 e - a potion of berserk rage {unknown}


   Skills:
 - Level 3.0 Fighting
 + Level 3.2 Polearms
 - Level 1.0 Spellcasting
 - Level 2.6 Fire Magic


You had 3 spell levels left.
You didn't know any spells.
Your spell library contained the following spells:

 Spells                   Type           Power      Damage    Failure   Level
 Scorch                   Fire           16%        2d5       13%         2
 Ensorcelled Hibernation  Hex/Ice        0%         N/A       36%         2
 Fugue of the Fallen      Necr           0%         N/A       61%         3
 Hailstorm                Conj/Ice       0%         3d5       61%         3
 Summon Ice Beast         Ice/Summ       0%         N/A       61%         3
 Anguish                  Hex/Necr       0%         N/A       95%         4
 Sculpt Simulacrum        Ice/Alch       0%         N/A       100%        6


Dungeon Overview and Level Annotations

Branches:
Dungeon (1/15)

Altars:

Shops:
D:1 (


Innate Abilities, Weirdness & Mutations

You are partially covered in molten scales. (AC +2)


Message History

No target in view!
You pick up a book of Dreams and begin reading...
You add the spells Ensorcelled Hibernation, Fugue of the Fallen and Anguish to your library.
No target in view!
A dart slug comes into view.
Found 16 gold pieces.
A dart slug is nearby!
You reach to attack!
You hit the dart slug. You burn the dart slug.
A dart slug is nearby!
You hit the dart slug. You burn the dart slug.
A dart slug is nearby!
You hit the dart slug. You burn the dart slug.
You kill the dart slug!
Key pressed, stopping explore.
No target in view!
Key pressed, stopping explore.
No target in view!
Found a stone staircase leading down.
No target in view!
You now have 73 gold pieces (gained 16).
There is a stone staircase leading down here.
You pick up a book of the Tundra and begin reading...
You add the spells Hailstorm, Summon Ice Beast and Sculpt Simulacrum to your library.
No target in view!
A hobgoblin comes into view.
Found a scroll labelled HINOSM ZE SYUKH.
You see here 7 gold pieces.
The hobgoblin shouts!
A hobgoblin is nearby!
Found a dagger.
Found Votwud's Weapon Shoppe.
A hobgoblin is nearby!
A hobgoblin is nearby!
You barely miss the hobgoblin. The hobgoblin hits you.
A hobgoblin is nearby!
You hit the hobgoblin. You burn the hobgoblin.
You kill the hobgoblin!
You have reached level 2!
Your demonic ancestry asserts itself...
Molten scales grow over part of your body.
Are you sure you want to abandon this character and quit the game? (Confirm with "yes".)

.∩..+...# .≈≈#.#.## #.#.
≈.#.... #.#.#+#.#..?
..#$#.#.... #.#.#...#.#
#.#.....#.#########
#.#.....$..@....... #.
#.#.....#?#.....### ##.#
#.##....###)....# ...##
#.........+.....# #####...#
##.########.....# #........
#>.......#.######+#......8.
#####.#..###.#..........#.##...
.............#..........#.#.###
########....###..... ...#.##.8.


There were no monsters in sight!

Vanquished Creatures
  A dart slug (D:1)
  A ball python (D:1)
  2 hobgoblins (D:1)
  A kobold (D:1)
  A rat (D:1)
6 creatures vanquished.

Notes
Turn   | Place    | Note
-------+----------+-------------------------------------------
     0 | D:1      | Colgate the Demonspawn Cinder Acolyte began the quest for
                  | the Orb.
     0 | D:1      | Reached XP level 1. HP: 18/18 MP: 2/2
   238 | D:1      | Found Votwud's Weapon Shoppe.
   242 | D:1      | Gained mutation: You are partially covered in molten
                  | scales. (AC +2) [demonic ancestry]
   242 | D:1      | Reached XP level 2. HP: 23/24 MP: 3/3
   242 | D:1      | Quit the game

Illustrated notes

Levels and vault maps discovered:
D:1:      minmay_arrival_five_plusses, layout_basic, serial_shops,
          nicolae_shop_hallway_plus, nicolae_twisty_statue_hallways

Skill      XL: |  1 |
---------------+----+-----
Polearms       | 3 |  3.2
Fighting       | |  3.0
Spellcasting   | |  1.0
Fire Magic     | |  2.6

Action                     || total
---------------------------++-------
  Melee: Spear             ||    24
 Armour: Robe              ||     7
  Dodge: Dodged            ||     8
